 Dungeon Crawl Stone Soup version 0.28-a0-1555-g9ae15a6949 (webtiles) character file.

Game seed: 4583177096082583690

73432 hashsling the Severer (level 15, -5/134 HPs)
             Began as a Hill Orc Fighter on Jan 18, 2022.
             Was a High Priest of Okawaru.
             Slain by a spriggan rider (24 damage)
             ... on level 4 of the Lair of Beasts.
             The game lasted 01:24:26 (17683 turns).

hashsling the Severer (Hill Orc Fighter)           Turns: 17683, Time: 01:24:32

Health: -5/134     AC: 37    Str: 26 (27) XL:     15   Next: 43%
Magic:  0/21       EV: 13    Int:  9 (11) God:    Okawaru [*****.]
Gold:   69         SH:  0    Dex: 23      Spells: 14/14 levels left

rFire   . . .      SeeInvis +   a - +6 executioner's axe of the Scorpion {drain, Contam rPois rC+ Dex+2}
rCold   . . .      Faith    .   (shield currently unavailable)
rNeg    . . .      Spirit   .   S - +3 crystal plate armour
rPois   +          Reflect  .   O - +2 hat {Will+}
rElec   +          Harm     .   F - +1 cloak
rCorr   +          Rampage  .   k - +1 pair of gloves {Dex+3}
Will    ++...                   j - +0 pair of boots of Entitlement {rElec rC- rCorr Int+5}
Stlth   ..........              p - amulet of regeneration
HPRegen 1.12/turn               s - ring of see invisible
MPRegen 0.17/turn               C - +6 ring of dexterity

@: heroic, unable to read
A: thin skeletal structure 1, deterioration 1, dopey 1, frail 1, subdued magic
2, inability to read while threatened
a: Renounce Religion, Heroism, Finesse, Duel


You were on level 4 of the Lair of Beasts.
You worshipped Okawaru.
Okawaru was extremely pleased with you.
You visited 2 branches of the dungeon, and saw 19 of its levels.
You also visited: Ice Cave.

You collected 1321 gold pieces.
You spent 1252 gold pieces at shops.

Inventory:

Hand Weapons
 a - the +6 executioner's axe of the Scorpion (weapon) {drain, Contam rPois rC+ Dex+2}
   (Okawaru gifted it to you on level 9 of the Dungeon)

   A truly terrible weapon, it drains the life of any living foe it strikes.
   Dex:       It affects your dexterity (+2).
   rC:        It protects you from cold.
   rPois:     It protects you from poison.
   Contam:    It causes magical contamination when unequipped.
 b - a +3 war axe of flaming
 o - a +5 eveningstar
 U - a +1 vorpal hand crossbow
Missiles
 N - 3 throwing nets
 Q - 160 bolts
Armour
 j - the +0 pair of boots of Entitlement (worn) {rElec rC- rCorr Int+5}
   (Okawaru gifted it to you on level 1 of the Lair of Beasts)

   Int:       It affects your intelligence (+5).
   rC:        It makes you vulnerable to cold.
   rElec:     It insulates you from electricity.
   rCorr:     It protects you from acid and corrosion.
 k - a +1 pair of gloves of dexterity (worn)
 u - the +6 tower shield "Atwimogh" {Regen+ Str+4}
   (You bought it in a shop on level 5 of the Dungeon)

   Str:       It affects your strength (+4).
   Regen:     It increases your rate of health regeneration.
 F - a +1 cloak (worn)
 H - the +2 buckler of the Powerful Grue {Will+ MP+9 Int+4}
   (You found it on level 13 of the Dungeon)

   Int:       It affects your intelligence (+4).
   MP:        It affects your magic capacity (+9).
   Will:      It increases your willpower.
 O - a +2 hat of willpower (worn)
 S - a +3 crystal plate armour (worn)
Jewellery
 p - an amulet of regeneration (around neck)
 s - a ring of see invisible (left hand)
 C - a +6 ring of dexterity (right hand)
 E - a ring of flight
 M - an amulet of reflection
 W - a ring of protection from cold
Wands
 c - a wand of digging (2)
 D - a wand of iceblast (9)
 I - a wand of paralysis (5)
 Z - a wand of flame (10) (quivered)
Scrolls
 e - 3 scrolls of teleportation
 f - 5 scrolls of fog
 i - 2 scrolls of identify
 w - 6 scrolls of blinking
 x - 4 scrolls of silence
 y - a scroll of holy word {unknown}
 G - 4 scrolls of magic mapping
 J - 5 scrolls of fear
 K - a scroll of enchant weapon {unknown}
 V - a scroll of vulnerability {unknown}
Potions
 d - 4 potions of might
 g - a potion of cancellation
 h - 4 potions of attraction
 l - 6 potions of curing
 m - 4 potions of lignification
 q - a potion of berserk rage
 r - 5 potions of heal wounds
 t - 3 potions of ambrosia
 z - 2 potions of invisibility
 A - 2 potions of magic
 B - a potion of haste
 L - a potion of flight {unknown}
 Y - a potion of resistance {unknown}
Miscellaneous
 R - a condenser vane


   Skills:
 * Level 18.1(23.1) Fighting
 * Level 20.4(25.4) Axes
 - Level 3.0(8.0) Crossbows
 + Level 12.6(17.6) Armour
 + Level 6.4(11.4) Dodging
 - Level 6.0(11.0) Shields
 - Level 8.0 Invocations


You had 14 spell levels left.
You didn't know any spells.
Your spell library contained the following spells:

 Spells                   Type           Power      Damage    Failure   Level
 Swiftness                Air            0%         N/A       100%        3
 Airstrike                Air            0%         N/A       100%        4
 Cause Fear               Hex            0%         N/A       100%        4
 Fulminant Prism          Conj/Hex       0%         3d6       100%        4
 Alistair's Intoxication  Tmut/Pois      0%         N/A       100%        5
 Borgnjor's Vile Clutch   Necr/Erth      0%         N/A       100%        5
 Fireball                 Conj/Fire      0%         3d3       100%        5
 Iskenderun's Battlesphe  Conj           0%         2d6       100%        5
 Lightning Bolt           Conj/Air       0%         1d11      100%        5
 Conjure Ball Lightning   Conj/Air       0%         3x3d6     100%        6
 Eringya's Noxious Bog    Tmut/Pois      0%         N/A       100%        6
 Starburst                Conj/Fire      0%         6d3       100%        6
 Orb of Destruction       Conj           0%         9d5       100%        7
 Discord                  Hex            0%         N/A       100%        8
 Ignition                 Fire           0%         3d3       100%        8
 Summon Lightning Spire   Summ/Air       Unusable   N/A       N/A         4

Dungeon Overview and Level Annotations

Branches:
Dungeon (15/15)            Temple (0/1) D:6            Lair (4/6) D:8
 Shoals (0/4) Lair:3       Spider (0/4) Lair:3          Orc (0/2) D:9
 Vaults (0/5) D:13         Depths (0/4) D:15          IceCv (visited)

Altars:
Elyvilon
Gozag
Hepliaklqana
Makhleb
Nemelex Xobeh
Okawaru
Ru
Sif Muna
Trog
Vehumet
Xom
Yredelemnul
The Shining One

Shops:
D:5 [   D:12 [?

Annotations:
D:14 Roxanne
Lair:4 1 transporter, RBrandon's ghost, journeyman MfTm


Innate Abilities, Weirdness & Mutations

You have a somewhat thin skeletal structure. (Dex +2, Stealth+)
Your body sometimes deteriorates upon taking damage.
You are dopey. (Int -2)
You are frail. (-10% HP)
Your spells are easier to cast, but less powerful.
You sometimes lose the ability to read scrolls when taking damage.


Message History

Press: ? - help, Shift-Dir - straight line, f - moth of wrath
Aim: a moth of wrath The mass of ice explodes!
The iceblast engulfs the moth of wrath!
The moth of wrath is moderately wounded.
The iceblast engulfs the spriggan rider!
The spriggan rider is moderately wounded.
The iceblast engulfs RBrandon's ghost!
RBrandon's ghost partially resists.
RBrandon's ghost is lightly damaged.
The spriggan rider hits you from afar with a +1 antimagic trident!!
Your body deteriorates!
You feel dopey.
You feel your power leaking away. The moth of wrath closely misses you.
You barely miss the moth of wrath.
The moth of wrath is moderately wounded.
You slash RBrandon's ghost!
The spriggan rider hits you but does no damage.
You slice the moth of wrath like a ripe choko!!!
You kill the moth of wrath!
Okawaru accepts your kill.
You hit RBrandon's ghost.
The spriggan rider hits you but does no damage.
RBrandon's ghost hits you but does no damage.
You miss RBrandon's ghost.
RBrandon's ghost is moderately damaged.
The spriggan rider barely misses you. RBrandon's ghost misses you.
The spriggan rider hits you with a +1 antimagic trident!!
* * * LOW HITPOINT WARNING * * *
The spriggan rider hits you but does no damage.
RBrandon's ghost hits you but does no damage.
Things that are here:
a +0 rapier; a +0 robe; a spriggan corpse You feel much better.
The spriggan rider barely misses you. RBrandon's ghost closely misses you.
You slice the spriggan rider!!
The spriggan rider is severely wounded.
You closely miss RBrandon's ghost.
The spriggan rider hits you with a +1 antimagic trident!
* * * LOW HITPOINT WARNING * * *
Your body deteriorates!
You feel dopey.
You feel your power leaking away.
The spriggan rider hits you with a +1 antimagic trident!!
You die...

......###.......##.###........#..
...............##### ##...8......
#...............P# ##.........
#................### ####.....'.#
^...........#......###..##....#.#
...........#....©.........#.#.##.
.####.........#####..........####
..# ##......###.©)###........#
### #.#.#..###..@W..##.....###
########...#..###i...#.....#
.P.#####..##..# .....##....#
.....##...#...# ......#..P##
.....#.#..#....._.##..#..##
.....P.#..#..##!=?§##.#...#
.......#..##.# #..##.##..##
...........#####...###....##
...........###......##.....###


You could see a spriggan rider (berserk) and RBrandon's ghost.

Vanquished Creatures
  Gastronok (Lair:2)
  Kirke (D:15)
  Louise (D:14)
  A reaper (IceCv)
  Snorg (D:10)
  Josephine (D:11)
  Harold (Lair:2)
  5 vault guards (D:13)
  2 boulder beetles
  6 hydras
  7 centaur warriors
  A catoblepas (D:12)
  5 two-headed ogres
  3 death yaks (D:8)
  Nergalle (Lair:1)
  A tengu warrior (D:13)
  Urug (D:11)
  8 skeletal warriors
  A fire crab (D:13)
  A lindwurm (Lair:4)
  A necromancer (D:15)
  A lindwurm (shapeshifter) (D:13)
  9 ugly things
  6 cyclopes
  3 manticores
  2 orc sorcerers (D:15)
  A moth of wrath (Lair:4)
  2 ice statues (IceCv)
  A black mamba (Lair:4)
  6 elephants (Lair:4)
  2 naga magi (D:15)
  4 centaur skeletons (D:15)
  A gargoyle (D:13)
  6 cane toads
  An efreet (D:10)
  A rime drake (shapeshifter) (D:13)
  2 freezing wraiths (D:13)
  An unseen horror (D:12)
  A rime drake (Lair:1)
  A yaktaur (D:15)
  4 komodo dragons
  6 ice devils
  An entropy weaver simulacrum (IceCv)
  3 tengu conjurers
  2 kobold demonologists
  9 slime creatures
  A troll (D:11)
  Prince Ribbit (Lair:3)
  12 blink frogs
  A dream sheep (shapeshifter) (D:13)
  2 jumping spiders (Lair:3)
  2 shadows
  6 wraiths
  3 dire elephant simulacra (IceCv)
  A vampire (D:10)
  4 spriggans (Lair:4)
  A wyvern (Lair:2)
  A golden eye (shapeshifter) (D:14)
  7 hogs
  36 yaks
  A basilisk (Lair:3)
  5 humans
  2 steam dragons
  A redback (Lair:3)
  2 acid dragons
  8 water moccasins
  A black bear (D:7)
  3 ice beasts
  6 orc warriors
  2 ogres
  5 wolves (Lair:2)
  A necrophage (D:5)
  10 centaurs
  A phantom (D:6)
  3 kobold brigands
  9 bullfrogs
  2 gnoll sergeants (D:6)
  A wyvern zombie (D:7)
  3 two-headed ogre simulacra (IceCv)
  A cane toad simulacrum (IceCv)
  3 scorpions
  A water moccasin zombie (D:6)
  A wyvern skeleton (D:7)
  10 killer bees
  11 wights
  A howler monkey (D:11)
  An elephant simulacrum (IceCv)
  An electric eel (Lair:4)
  4 crimson imps (D:3)
  2 hounds
  9 orc priests
  4 iguanas
  15 orc wizards
  5 hell rats (Lair:3)
  3 troll simulacra (IceCv)
  A spriggan simulacrum (IceCv)
  2 polar bear simulacra (IceCv)
  2 killer bee zombies
  A wolf simulacrum (IceCv)
  13 gnolls
  12 adders
  A naga simulacrum (IceCv)
  3 white imps (IceCv)
  2 ufetubi (IceCv)
  2 dart slugs (D:3)
  35 orcs
  8 ball pythons
  2 bats
  4 endoplasms
  5 giant cockroaches
  18 goblins
  14 hobgoblins
  3 frilled lizards
  14 kobolds
  2 rats
  A spectral hobgoblin (D:7)
487 creatures vanquished.

Vanquished Creatures (others)
  5 fungi
  8 plants
13 creatures vanquished.

Grand Total: 500 creatures vanquished

Notes
Turn   | Place    | Note
-------+----------+-------------------------------------------
     0 | D:1      | hashsling the Hill Orc Fighter began the quest for the Orb.
     0 | D:1      | Reached XP level 1. HP: 19/19 MP: 1/1
   134 | D:1      | Reached skill level 3 in Axes
   428 | D:1      | Reached XP level 2. HP: 27/27 MP: 2/2
   431 | D:1      | Found a faded altar of an unknown god.
   432 | D:1      | Noticed a golden eye
   433 | D:1      | Noticed an eye of devastation
   434 | D:1      | Noticed a shining eye
   434 | D:1      | Noticed a great orb of eyes
  1048 | D:2      | Reached XP level 3. HP: 18/33 MP: 3/3
  1351 | D:2      | Reached skill level 4 in Axes
  1549 | D:2      | Reached XP level 4. HP: 38/40 MP: 4/4
  1710 | D:3      | Found a shimmering altar of Xom.
  2050 | D:3      | Reached skill level 5 in Axes
  2050 | D:3      | Reached XP level 5. HP: 36/47 MP: 5/5
  2087 | D:3      | Reached skill level 5 in Fighting
  2087 | D:3      | Reached XP level 6. HP: 45/56 MP: 6/6
  2161 | D:3      | Found an iron altar of Okawaru.
  2169 | D:3      | Became a worshipper of Warmaster Okawaru
  2286 | D:3      | Reached skill level 6 in Axes
  2321 | D:3      | Found a white marble altar of Elyvilon.
  2377 | D:3      | Found a basalt altar of Yredelemnul.
  2424 | D:3      | Found a radiant altar of Vehumet.
  2424 | D:3      | Found an opulent altar of Gozag.
  2706 | D:4      | Found a sacrificial altar of Ru.
  2833 | D:4      | Reached skill level 5 in Armour
  2924 | D:4      | Reached skill level 7 in Axes
  2924 | D:4      | Reached XP level 7. HP: 18/61 MP: 7/7
  3197 | D:5      | Entered Level 5 of the Dungeon
  3198 | D:5      | Found Xyuneitz's Armour Shop.
  3298 | D:5      | Reached * piety under Okawaru
  3421 | D:5      | Found a burning altar of Makhleb.
  3458 | D:5      | Reached skill level 8 in Axes
  3465 | D:5      | Reached XP level 8. HP: 29/70 MP: 8/8
  3920 | D:6      | Reached skill level 9 in Axes
  3928 | D:6      | Reached ** piety under Okawaru
  4068 | D:6      | Noticed a two-headed ogre
  4073 | D:6      | Killed a two-headed ogre
  4074 | D:6      | Reached skill level 10 in Axes
  4074 | D:6      | Reached XP level 9. HP: 37/80 MP: 6/9
  4243 | D:6      | Found a glowing golden altar of the Shining One.
  4262 | D:6      | Reached skill level 11 in Axes
  4397 | D:6      | Got the Handbook of Execration and Flight
  4535 | D:6      | Found a staircase to the Ecumenical Temple.
  5078 | D:6      | Found a sparkling altar of Nemelex Xobeh.
  5441 | D:7      | Reached skill level 12 in Axes
  5898 | D:7      | Reached *** piety under Okawaru
  5899 | D:7      | Reached XP level 10. HP: 65/90 MP: 10/10
  5907 | D:7      | Reached skill level 13 in Axes
  6183 | D:7      | Found a hazy altar of Hepliaklqana.
  6599 | D:8      | Reached **** piety under Okawaru
  6640 | D:8      | Noticed a death yak
  6641 | D:8      | Noticed a death yak
  6645 | D:8      | Noticed a death yak
  6650 | D:8      | Killed a death yak
  6656 | D:8      | Killed a death yak
  6657 | D:8      | Reached skill level 10 in Fighting
  6657 | D:8      | Reached skill level 14 in Axes
  6658 | D:8      | Killed a death yak
  6659 | D:8      | Reached ***** piety under Okawaru
  6664 | D:8      | Reached XP level 11. HP: 35/101 MP: 11/11
  6665 | D:8      | Reached skill level 15 in Axes
  6801 | D:8      | Found a staircase to the Lair.
  7496 | D:9      | Found a staircase to the Orcish Mines.
  7557 | D:9      | Noticed a manticore
  7557 | D:9      | Noticed a manticore
  7560 | D:9      | Noticed a deep elf pyromancer
  7562 | D:9      | Noticed a green ugly thing
  7567 | D:9      | Noticed a manticore
  7569 | D:9      | Noticed an ice dragon
  7706 | D:9      | Reached skill level 1 in Crossbows
  7719 | D:9      | Reached skill level 10 in Armour
  7723 | D:9      | Identified the +6 executioner's axe of the Scorpion {drain,
                  | Contam rPois rC+ Dex+2} (Okawaru gifted it to you on level
                  | 9 of the Dungeon)
  7723 | D:9      | Received a gift from Okawaru
  8163 | D:10     | Entered Level 10 of the Dungeon
  8165 | D:10     | Noticed a red ugly thing
  8174 | D:10     | Killed a red ugly thing
  8175 | D:10     | Reached skill level 16 in Axes
  8318 | D:10     | Noticed a two-headed ogre
  8328 | D:10     | Killed a two-headed ogre
  8467 | D:10     | Identified a scroll of acquirement
  8467 | D:10     | Acquired a +1 crystal plate armour
  8561 | D:10     | Noticed Snorg
  8577 | D:10     | Killed Snorg
  8577 | D:10     | Received a gift from Okawaru
  8578 | D:10     | Reached skill level 1 in Invocations
  8578 | D:10     | Reached XP level 12. HP: 82/112 MP: 10/13
  8738 | D:11     | Found a frozen archway.
  8755 | IceCv    | Entered an ice cave
  8859 | IceCv    | Reached skill level 17 in Axes
  9014 | IceCv    | Reached ****** piety under Okawaru
  9173 | IceCv    | Noticed a reaper
  9216 | IceCv    | Killed a reaper
  9268 | IceCv    | Gained mutation: Your body sometimes deteriorates upon
                  | taking damage. [mutagenic glow]
  9394 | D:11     | Noticed a two-headed ogre
  9403 | D:11     | Killed a two-headed ogre
  9404 | D:11     | Reached skill level 5 in Invocations
  9536 | D:11     | Noticed Josephine
  9545 | D:11     | Killed Josephine
  9698 | D:11     | Noticed Urug
  9711 | D:11     | Killed Urug
  9882 | D:11     | Noticed a centaur warrior
  9889 | D:11     | Killed a centaur warrior
 10118 | D:11     | Received a gift from Okawaru
 10258 | D:12     | Found Famouzim's Armour Boutique.
 10259 | D:12     | Noticed a two-headed ogre
 10264 | D:12     | Killed a two-headed ogre
 10272 | D:12     | Reached XP level 13. HP: 122/122 MP: 16/18
 10287 | D:12     | Bought a +2 tower shield of protection for 301 gold pieces
 10287 | D:12     | Bought a +1 pair of gloves of dexterity for 231 gold pieces
 10321 | D:12     | Found Liuc's Magic Scroll Shoppe.
 10333 | D:12     | Bought a scroll of identify for 24 gold pieces
 10333 | D:12     | Bought a scroll of identify for 24 gold pieces
 10333 | D:12     | Bought a scroll of identify for 24 gold pieces
 10415 | D:11     | Gained mutation: You have a somewhat thin skeletal
                  | structure. (Dex +2, Stealth+) [mutagenic glow]
 10442 | D:12     | Reached skill level 18 in Axes
 10629 | D:12     | Found a sacrificial altar of Ru.
 11389 | D:13     | Gained mutation: Your spells are a little easier to cast,
                  | but a little less powerful. [mutagenic glow]
 11404 | D:13     | Noticed a vault guard
 11411 | D:13     | Gained mutation: You sometimes lose the ability to read
                  | scrolls when taking damage. [mutagenic glow]
 11430 | D:13     | Noticed a vault guard
 11439 | D:13     | Noticed a vault guard
 11451 | D:13     | Killed a vault guard
 11473 | D:13     | Killed a vault guard
 11473 | D:13     | Received a gift from Okawaru
 11486 | D:13     | Found a gate to the Vaults.
 11486 | D:13     | Noticed a vault guard
 11486 | D:13     | Noticed a vault guard
 11499 | D:13     | Killed a vault guard
 11504 | D:13     | Killed a vault guard
 11521 | D:13     | Killed a vault guard
 11698 | D:13     | Reached skill level 5 in Shields
 11708 | D:13     | Gained mutation: You are frail. (-10% HP) [mutagenic glow]
 11838 | D:13     | Reached skill level 19 in Axes
 11914 | D:13     | Reached skill level 15 in Fighting
 12134 | D:13     | Reached XP level 14. HP: 110/121 MP: 20/20
 12313 | D:13     | Identified the +2 buckler of the Powerful Grue {Will+ MP+9
                  | Int+4}
 12712 | D:14     | Reached skill level 1 in Dodging
 12813 | D:14     | Identified Roxanne's Grimoire of the Mountains
 12813 | D:14     | Noticed Roxanne
 12840 | D:14     | Noticed Louise
 12874 | D:14     | Killed Louise
 12874 | D:14     | Identified the +0 troll leather armour "Tuej" {rPois rC+
                  | Regen+ Int+3} (Okawaru gifted it to you on level 14 of the
                  | Dungeon)
 12874 | D:14     | Received a gift from Okawaru
 12891 | D:14     | Found a shimmering blue altar of Sif Muna.
 13307 | D:14     | Reached skill level 20 in Axes
 13514 | D:15     | Entered Level 15 of the Dungeon
 13634 | D:15     | Paralysed by an orc sorcerer for 4 turns
 13672 | D:15     | Found a staircase to the Depths.
 13691 | D:15     | Noticed Kirke
 13708 | D:15     | Killed Kirke
 14198 | Lair:1   | Entered Level 1 of the Lair of Beasts
 14292 | Lair:1   | Reached skill level 5 in Dodging
 14312 | Lair:1   | Identified the +0 pair of boots of Entitlement {rElec rC-
                  | rCorr Int+5} (Okawaru gifted it to you on level 1 of the
                  | Lair of Beasts)
 14312 | Lair:1   | Received a gift from Okawaru
 14517 | Lair:1   | Noticed Nergalle
 14526 | Lair:1   | Killed Nergalle
 14589 | Lair:1   | Gained mutation: Your spells are easier to cast, but less
                  | powerful. [mutagenic glow]
 14854 | Lair:1   | Reached XP level 15. HP: 132/132 MP: 21/21
 15277 | Lair:2   | Noticed Harold
 15291 | Lair:2   | Killed Harold
 15374 | Lair:2   | Noticed Gastronok
 15394 | Lair:2   | Killed Gastronok
 15975 | Lair:3   | Gained mutation: You are dopey. (Int -2) [mutagenic glow]
 16000 | Lair:3   | Noticed Prince Ribbit
 16016 | Lair:3   | Killed Prince Ribbit
 16242 | Lair:3   | Found a staircase to the Shoals.
 16464 | Lair:3   | Found a hole to the Spider Nest.
 16855 | D:5      | Bought the +6 tower shield "Atwimogh" {Regen+ Str+4} for
                  | 648 gold pieces
 17229 | Lair:4   | Found a transporter.
 17233 | Lair:4   | Found a transporter.
 17236 | Lair:4   | Found a bloodstained altar of Trog.
 17236 | Lair:4   | Noticed RBrandon's ghost (journeyman MfTm)
 17683 | Lair:4   | Slain by a spriggan rider

Illustrated notes

Levels and vault maps discovered:
D:1:      wander_arrival_lonely_grave, layout_basic,
          hellmonk_ecumenical_altar_watching_god
D:2:      layout_basic
D:3:      layout_basic, elyvilon_altar_5, kennysheep_okawaru_gauntlet,
          lemuel_doored_altar, led_xom_imps, gammafunk_temple_overflow_wave,
          eino_tiny_chamber, small_statue_intersection, grunt_decor_fettered,
          nicolae_concentric_dashed_squares_mild
D:4:      layout_rooms, general_overflow_altar
D:5:      nicolae_cairo_tiling_large, layout_cave_pools, bloody_makhleb,
          serial_shops, shop
D:6:      corexii_shantytown, layout_layer_cave, mainiacjoe_overflow_alcove_1,
          kennysheep_mini, minmay_temple_entry_arrows, minivault_22,
          minmay_misc_feat_square
D:7:      layout_loops_cross, nicolae_hepliaklqana_monster_ancestors,
          grunt_livestock, minivault_19
D:8:      layout_cave_pools, dpeg_lair_monsters, st_stairs_13, minivault_22
D:9:      layout_basic, david_orc_4, onia_ninara_dug_in_and_dangerous
D:10:     layout_rooms, uniq_snorg
D:11:     layout_roguey, portal_ice_cave_demonic_guard, uniq_josephine,
          uniq_urug
D:12:     layout_grid_maze, serial_shops, nicolae_shop_hallway_stairs,
          nicolae_stop_n_shop_1, nicolae_ru_great_annihilating_truth
D:13:     minmay_two_paths, layout_loops_cross, grunt_vaults_entry_fortified,
          drop_trap
D:14:     layout_roguey, infiniplex_staircase_zigzag_3, led_sif_book,
          uniq_roxanne, uniq_louise
D:15:     grunt_enter_depths_magical_seal, layout_rooms, minmay_misc_feat_alley,
          uniq_kirke
Lair:1:   layout_roguey, uniq_nergalle
Lair:2:   layout_layer_cave, minivault_26, serial_bayou_shore_a, uniq_gastronok,
          uniq_harold
Lair:3:   layout_roguey, shoals_dummy_entry, spider_nest_entry_funnel_web,
          uniq_prince_ribbit2
Lair:4:   layout_hall_layers, gammafunk_ghost_wrathful_warriors,
          infiniplex_staircase_pool, lemuel_fruit_fields, grunt_megastairs_3

Skill      XL: |  1  2  3  4  5  6  7  8  9 10 11 12 13 14 15 |
---------------+----------------------------------------------+-----
Axes           | 3 4 5 7 8 10 12 14 16 17 19 20 | 20.4
Fighting       | 4 5 6 7 8 10 12 13 15 17 18 | 18.1
Armour         | 4 5 7 8 9 10 11 12 | 12.6
Shields        | 4 5 6 |  6.0
Crossbows      | 3 |  3.0
Invocations    | 1 7 8 |  8.0
Dodging        | 5 6 |  6.4

Action                   |  1- 3 |  4- 6 |  7- 9 | 10-12 | 13-15 || total
-------------------------+-------+-------+-------+-------+-------++-------
Melee: War axe           |    84 |   147 |   261 |   223 |   400 ||  1115
       Battleaxe         |       |       |       |    40 |       ||    40
       Executioner's axe |       |       |       |   193 |   262 ||   455
       Punch             |       |       |       |       |     1 ||     1
 Fire: Hand crossbow     |       |       |       |       |    16 ||    16
Throw: Javelin           |       |       |    11 |     1 |       ||    12
       Dart              |       |       |     1 |     3 |       ||     4
Invok: Heroism           |       |       |     3 |    10 |     8 ||    21
       Finesse           |       |       |       |     2 |     5 ||     7
Evoke: Wand              |       |       |     2 |    12 |     4 ||    18
  Use: Potion            |       |       |     2 |     2 |     3 ||     7
       Scroll            |       |       |       |    12 |    15 ||    27
 Stab: Distracted        |       |       |       |     1 |     1 ||     2
Armor: Scale mail        |    54 |    68 |   112 |    10 |       ||   244
       Chain mail        |       |       |       |    72 |       ||    72
       Plate armour      |       |       |       |    81 |       ||    81
       Crystal plate arm |       |       |       |   139 |   464 ||   603
Dodge: Dodged            |    41 |    73 |    95 |   144 |   124 ||   477
Block: Buckler           |    16 |    43 |    71 |    43 |       ||   173
       Tower shield      |       |       |       |     3 |   277 ||   280

Table legend: (Time is in decaauts)
 A = Elapsed time spent in this place.
 B = Non-inter-level travel time spent in this place.
 C = Inter-level travel time spent in this place.
 D = Time resting spent in this place.
 E = Time spent auto-exploring this place.
 F = Levels seen in this place.
 G = Mean time per level.
                   A        B        C        D        E       F      G
               +--------+--------+--------+--------+--------+-----+--------+
         Total |  17643 |  16551 |   1092 |    877 |  11609 |  20 |  882.2 |
       Dungeon |  13721 |  12815 |    906 |    745 |   8909 |  15 |  914.7 |
          Lair |   3317 |   3132 |    185 |      0 |   2577 |   4 |  829.2 |
      Ice Cave |    605 |    605 |      0 |    132 |    123 |   1 |  605.0 |
               +--------+--------+--------+--------+--------+-----+--------+

Top non-repeatable levels by time:
     D:6: 1598 daAuts
    D:13: 1223 daAuts
  Lair:2: 1064 daAuts
     D:2: 1044 daAuts
    D:12: 1027 daAuts
    D:11: 990 daAuts
     D:7: 958 daAuts
     D:1: 949 daAuts
    D:14: 931 daAuts
     D:9: 904 daAuts
  Lair:3: 816 daAuts
     D:3: 798 daAuts
     D:5: 791 daAuts
     D:8: 776 daAuts
  Lair:1: 776 daAuts
